 Dungeon Crawl Stone Soup version 0.31.0-1-g2c135a008e (webtiles) character file.

Game seed: 2889144023459624767

58 qw the Shooter (level 4, -1/35 HPs)
             Began as a Djinni Hunter on Jan 24, 2024.
             Slain by a black bear (6 damage)
             ... on level 2 of the Dungeon.
             The game lasted 00:00:02 (698 turns).

qw the Shooter (Djinni Hunter)                       Turns: 698, Time: 00:00:03

Health: -1/35      AC:  3    Str: 10    XL:     4   Next: 20%
Gold:   60         EV: 12    Int: 10    God:
                   SH:  0    Dex: 19

rFire   + + .        a - +0 shortbow
rCold   x . .        (shield currently unavailable)
rNeg    . . .        c - +0 leather armour
rPois   inf          (no helmet)
rElec   .            (no cloak)
rCorr   .            (no gloves)
SInv    .            (boots unavailable)
Will    .....        (no amulet)
Stlth   ++           (no ring)
HPRegen 0.25/turn    (no ring)
MPRegen 0.00/turn

%: infuse magic (-2 HP)
@: flying
A: sickness immunity, fire resistance 2, cold vulnerability 1, float, innate
caster, HP casting, extra vitality 1
a: no special abilities


You were on level 2 of the Dungeon.
You visited 1 branch of the dungeon, and saw 2 of its levels.

You collected 60 gold pieces.


Innate Abilities, Weirdness & Mutations

You are immune to sickness and miasma.
You are immune to poison.
Your flesh is very heat resistant. (rF++)
You are vulnerable to cold. (rC-)
You float through the air rather than walking.
You learn spells naturally, not from books.
Your magical power is your life essence.
You have superior vitality. (+4 MHP)


   Skills:
 - Level 3.1 Fighting
 - Level 4.0 Ranged Weapons
 + Level 2.2 Dodging
 - Level 0.7 Stealth


You knew the following spells:

 Your Spells              Type           Power      Damage    Failure   Level
a - Apportation           Tloc           0%         N/A       45%         1
Your spell library was empty.

Inventory:

Hand Weapons
 a - a +0 shortbow (weapon)
Armour
 c - a +0 leather armour (worn)
Scrolls
 b - a scroll of fog {unknown}
 e - a scroll of enchant armour
Potions
 d - a potion of haste {unknown}
 f - a potion of lignification {unknown}
 h - a potion of might
 i - a potion of magic {unknown}

Dungeon Overview and Level Annotations

Branches:
Dungeon (2/15)

Altars:


Message History

You shoot an arrow. The black bear growls angrily.
The arrow hits the black bear but does no damage.
The black bear bites you. The black bear claws you.
The black bear barely misses you.
You shoot an arrow. The arrow hits the black bear.
The black bear is lightly wounded.
The black bear bites you but does no damage.
The black bear completely misses you. The black bear claws you.
You shoot an arrow. The arrow hits the black bear.
The black bear is lightly wounded.
The black bear bites you but does no damage.
The black bear closely misses you. The black bear claws you.
You shoot an arrow. The arrow hits the black bear.
The black bear is moderately wounded.
The black bear barely misses you. The black bear misses you.
The black bear barely misses you. x4
You shoot an arrow. The arrow barely misses the black bear.
The black bear closely misses you. The black bear claws you. x2
You shoot an arrow. The arrow hits the black bear.
The black bear is heavily wounded.
The black bear barely misses you. The black bear claws you. x2
You shoot an arrow. The arrow hits the black bear!
The black bear is severely wounded.
The black bear misses you. The black bear completely misses you.
The black bear claws you but does no damage.
You shoot an arrow. The arrow hits the black bear.
The black bear is almost dead.
The black bear goes berserk!
The black bear misses you. The black bear claws you. x2
You shoot an arrow. The arrow hits the black bear.
The black bear is almost dead.
The black bear bites you but does no damage.
The black bear barely misses you. x2
You shoot an arrow.
The arrow hits the black bear but does no damage.
The black bear is almost dead.
The black bear bites you but does no damage.
The black bear barely misses you. The black bear claws you.
You die...

##### ###### #)..#
...... #...##.... .
########.......#
.#####..........#..##
................@..#
#......###..#...#h.#
......>....##...#.##
#...............#..
##.....#.#.##......#
#.##...>#.##.#...##
#.##...........###
##.#.....).....##
#.........#..#


You could see a black bear (berserk).

Vanquished Creatures
  2 adders (D:2)
  A gnoll (D:1)
  A dart slug (D:1)
  A ball python (D:1)
  An endoplasm (D:1)
  A giant cockroach (D:1)
  A goblin (D:1)
  8 jackals (D:1)
  2 kobolds
  A quokka (D:1)
  2 bats (D:1)
  4 frilled lizards (D:1)
  2 rats
27 creatures vanquished.

Notes
Turn   | Place    | Note
-------+----------+-------------------------------------------
     0 | D:1      | qw the Djinni Hunter began the quest for the Orb.
     0 | D:1      | Reached XP level 1. HP: 18/18 MP: 0/0
     0 | D:1      | 0 ||| qw: Version: 0.3-a-136-gdd3b4e8
     0 | D:1      | 0 ||| qw: Game counter: 1328
     0 | D:1      | 0 ||| qw: Melee chars always use a shield: true
     0 | D:1      | 0 ||| qw: God list: Okawaru
     0 | D:1      | 0 ||| qw: Allow faded altars: false
     0 | D:1      | 0 ||| qw: Do Orc after clearing Dungeon:15 true
     0 | D:1      | 0 ||| qw: Do second Lair branch before Depths: true
     0 | D:1      | 0 ||| qw: Lair rune preference: random
     0 | D:1      | 0 ||| qw: Goals: Normal
     0 | D:1      | 0 ||| PLANNING D:1-11
   174 | D:1      | Reached XP level 2. HP: 22/23 MP: 0/0
   417 | D:1      | Reached XP level 3. HP: 28/28 MP: 0/0
   417 | D:1      | Learned a level 1 spell: Apportation
   420 | D:1      | Reached skill level 4 in Ranged Weapons
   551 | D:1      | 551 ||| READING scroll labelled SAG FURENE.
   552 | D:1      | 552 ||| READING 2 scrolls labelled KUININ HODIGH.
   552 | D:1      | 552 ||| ENCHANTING +0 shortbow.
   553 | D:1      | 553 ||| READING scroll labelled OFFAIQ XUEFINK.
   554 | D:1      | 554 ||| DRINKING 2 pink potions.
   555 | D:1      | 555 ||| DROPPING scroll of butterflies.
   646 | D:2      | Reached skill level 3 in Fighting
   646 | D:2      | Reached XP level 4. HP: 29/35 MP: 0/0
   688 | D:2      | Noticed a black bear
   696 | D:2      | HP: 7/35 [black bear (5)]
   698 | D:2      | Slain by a black bear

Levels and vault maps discovered:
D:1:      minmay_arrival_four_circles, layout_basic, serial_bayou_ford_a
D:2:      layout_rooms, dreamdust_ecumenical_altar_hidden_monk_grotto,
          hex_intersection, minmay_increasing_density, uniq_robin

Skill      XL: |  1  2  3 |
---------------+----------+-----
Ranged Weapons | 4 |  4.0
Fighting       | 3 |  3.1
Dodging        | |  2.2
Stealth        | |  0.7

Action                     |  1- 3 |  4- 6 || total
---------------------------+-------+-------++-------
   Fire: Shortbow          |    92 |    12 ||   104
    Use: Scroll            |     3 |       ||     3
         Potion            |     1 |       ||     1
 Armour: Leather armour    |    33 |    16 ||    49
  Dodge: Dodged            |    38 |    17 ||    55

Table legend:
 A = Non-vault XP
 B = Vault XP
 C = Vault XP percentage of total XP
 D = Non-vault monster count
 E = Vault monster count
 F = Vault count percentage of total count
                 A         B        C        D         E       F
            +---------+---------+-------+---------+---------+-------
      Total |      83 |       0 |   0.0 |      27 |       0 |   0.0
            +---------+---------+-------+---------+---------+-------
        D:1 |      53 |       0 |   0.0 |      23 |       0 |   0.0
        D:2 |      30 |       0 |   0.0 |       4 |       0 |   0.0
            +---------+---------+-------+---------+---------+-------
